Map: Site Delta LE

Players

LiquidElazer (Elazer) - Winner!

  • Race: Zerg Zerg
  • Spawn Location: 5:00

Mixu

  • Race: Zerg Zerg
  • League: Grandmaster
  • Spawn Location: 11:00

Event: HomeStory Cup XXV

VOD

Have the link to the VOD?

Description

Time

  • Played on: June 22, 2024, 1:08 p.m.
  • Length: 6:29

All games in this series

Show
View Real Time Build Order
Export as new Build Order

LiquidElazer Zerg - Winner!

Build Orders: Hatch First 

Get SALT Encoding   

  12  0:00  Drone  
  13  0:11  Overlord  
  13  0:17  Drone  
  14  0:30  Drone x2  
  16  0:47  Hatchery  
  15  0:50  Drone  
  15  0:54  Drone  
  18  0:57  Drone  
  18  1:07  Extractor  
  17  1:12  Spawning Pool  
  17  1:15  Drone  
  17  1:18  Drone  
  18  1:27  Drone  
  19  1:39  Drone  
  20  1:49  Drone  
  21  1:59  Queen x2  
  21  2:00  Zergling x2  
  26  2:07  Metabolic Boost  
  26  2:11  Overlord  
  26  2:12  Drone x2  
  28  2:30  Drone x2  
  28  2:34  Hatchery  
  28  2:35  Zergling x2  
  30  2:40  Drone  
  31  2:44  Baneling Nest  
  31  2:45  Drone  
  31  2:49  Overlord  
  31  2:56  Drone x2  
  33  3:04  Drone x2  
  35  3:07  Drone, Overlord  
  35  3:10  Zergling x2  
  37  3:14  Zergling x4  
  37  3:16  Zergling x2  
  37  3:17  Zergling x2  
  41  3:26  Overlord  
  41  3:30  Drone x2  
  43  3:39  Drone x6  
  49  3:45  Roach Warren  
  49  3:48  Drone x2  
  50  3:51  Overlord  
  50  3:53  Drone  
  51  3:57  Drone  
  51  4:00  Overlord  
  51  4:02  Extractor  
  51  4:08  Zergling x4  
  53  4:10  Overlord  
  53  4:11  Overlord  
  52  4:25  Roach x7  
  52  4:30  Roach  
  67  4:39  Queen  
  67  4:43  Roach x4  
  67  4:44  Overlord  
  76  4:47  Roach  
  76  4:52  Zergling x8  
  82  4:55  Zergling x2  
  83  5:01  Zergling x6  
  83  5:04  Baneling  
  83  5:05  Baneling x3  
  86  5:10  Zergling x2  
  87  5:14  Zergling x4  
  87  5:16  Baneling x2  
  89  5:23  Zergling x4  
  89  5:24  Zergling x10  
  89  5:30  Zergling x4  
  89  5:34  Zergling x2  
  88  5:38  Ravager  
  88  5:39  Zergling x2  
  88  5:40  Zergling x2  
  87  5:44  Zergling x2  
  87  5:47  Ravager  
  86  5:52  Zergling x20  
  93  5:57  Zergling x2  
  91  6:05  Zergling x4  
  91  6:09  Zergling x2  
  91  6:11  Ravager x2  
  95  6:24  Extractor  
Show
View Real Time Build Order
Export as new Build Order

Mixu Zerg 

Build Orders: Hatch First 

Get SALT Encoding   

  12  0:00  Drone  
  13  0:12  Overlord  
  13  0:17  Drone  
  14  0:30  Drone x2  
  16  0:48  Hatchery  
  15  0:51  Drone  
  15  0:54  Drone  
  17  0:58  Drone  
  18  1:08  Extractor  
  17  1:13  Spawning Pool  
  17  1:16  Drone  
  17  1:20  Drone  
  18  1:28  Drone  
  19  1:40  Drone  
  20  1:49  Drone  
  21  1:59  Queen x2  
  21  2:00  Zergling x2  
  21  2:01  Overlord  
  26  2:08  Metabolic Boost  
  26  2:10  Drone  
  26  2:11  Drone  
  28  2:21  Zergling x2  
  28  2:22  Drone  
  30  2:33  Hatchery  
  30  2:35  Drone  
  30  2:38  Drone  
  31  2:45  Drone  
  31  2:46  Baneling Nest  
  31  2:53  Zergling x2  
  31  2:54  Zergling x4  
  34  3:05  Drone x2  
  36  3:11  Overlord  
  36  3:21  Overlord  
  35  3:29  Queen  
  35  3:31  Drone x3  
  35  3:32  Baneling  
  35  3:33  Drone x3  
  43  3:40  Overlord  
  43  3:43  Drone x2  
  43  3:47  Baneling x2  
  43  3:48  Baneling, Evolution Chamber  
  45  3:49  Zergling x4  
  45  3:53  Zergling x2  
  46  3:58  Zergling x4  
  48  4:10  Drone x3  
  48  4:12  Drone x3  
  48  4:14  Zerg Missile Weapons Level 1  
  48  4:16  Drone, Roach Warren  
  54  4:18  Drone, Extractor  
  54  4:23  Drone  
  55  4:28  Drone  
  56  4:31  Extractor  
  56  4:34  Overlord  
  54  4:40  Overlord  
  54  4:44  Drone x2, Overlord  
  56  4:48  Drone  
  56  4:51  Drone x4  
  61  4:57  Overlord x2  
  61  4:59  Roach x4  
  68  5:01  Roach  
  68  5:05  Roach  
  72  5:11  Roach x2  
  72  5:14  Baneling x3, Roach  
  78  5:17  Baneling  
  78  5:18  Roach  
  78  5:20  Zergling x2  
  78  5:21  Zergling x6  
  84  5:26  Overlord  
  84  5:27  Roach  
  82  5:30  Roach  
  82  5:31  Roach  
  82  5:33  Roach  
  83  5:35  Zergling x6  
  83  5:39  Roach  
  83  5:42  Roach x2  
  76  5:48  Roach x2  
  79  5:51  Roach  
  79  5:54  Roach  
  74  5:57  Roach  
  74  5:59  Roach  
  74  6:01  Roach  
  76  6:05  Roach  
  76  6:07  Roach  
Tags
 
Add a new tag
Caveats
  • Supply blocks, unpowered buildings, or Contaminate may cause inaccurate times.
  • Supply counts are checked every 10 seconds.